Map: Jagannatha LE

Players

Neeb

  • Race: Protoss Protoss
  • Spawn Location: 7:00

RagnaroK (SHIN) - Winner!

  • Race: Zerg Zerg
  • Spawn Location: 1:00

Event: IEM Katowice 2021

VOD

Have the link to the VOD?

Description

Time

  • Played on: Feb. 25, 2021, 8:30 a.m.
  • Length: 7:11

All games in this series

Show
View Real Time Build Order
Export as new Build Order

Neeb Protoss 

Build Orders: 1 Gate Expand, Oracle Opening 

Get SALT Encoding   

  12  0:00  Probe  
  13  0:12  Probe  
  14  0:20  Pylon  
  14  0:24  Probe  
  15  0:38  Probe (Chrono Boost)  
  15  0:41  Gateway  
  16  0:47  Probe (Chrono Boost)  
  17  0:50  Assimilator  
  17  0:52  Probe (Chrono Boost)  
  18  1:04  Probe  
  19  1:16  Probe  
  20  1:27  Nexus  
  20  1:37  Cybernetics Core  
  20  1:40  Probe  
  21  1:47  Assimilator  
  21  1:52  Probe  
  22  1:56  Pylon  
  22  2:04  Probe (Chrono Boost)  
  23  2:11  Adept (Chrono Boost)  
  26  2:16  Probe (Chrono Boost)  
  26  2:22  Stargate, Probe (Chrono Boost)  
  27  2:32  Probe (Chrono Boost)  
  27  2:34  Adept  
  30  2:38  Warp Gate  
  30  2:40  Probe (Chrono Boost)  
  32  2:49  Probe x2 (Chrono Boost)  
  33  2:54  Probe (Chrono Boost)  
  33  2:55  Pylon, Probe (Chrono Boost)  
  33  2:58  Void Ray (Chrono Boost)  
  37  3:07  Probe  
  37  3:09  Probe  
  41  3:16  Gateway  
  41  3:19  Probe  
  42  3:21  Probe  
  43  3:31  Probe  
  43  3:32  Oracle (Chrono Boost)  
  47  3:34  Probe  
  47  3:38  Pylon  
  48  3:43  Probe  
  48  3:46  Probe  
  51  3:55  Probe  
  51  3:58  Assimilator, Nexus  
  51  3:59  Probe  
  52  4:04  Assimilator  
  52  4:08  Stargate  
  52  4:11  Pylon  
  52  4:12  Probe  
  53  4:17  Probe  
  53  4:21  Void Ray (Chrono Boost)  
  53  4:24  Probe  
  53  4:31  Probe, Nexus  
  59  4:34  Pylon  
  59  4:37  Shield Battery  
  59  4:38  Probe  
  60  4:43  Probe  
  61  4:50  Probe  
  62  4:54  Void Ray x2 (Chrono Boost)  
  62  4:55  Probe  
  67  5:02  Probe  
  72  5:07  Probe  
  72  5:10  Forge, Twilight Council  
  74  5:14  Probe  
  74  5:15  Gateway  
  74  5:18  Gateway  
  74  5:21  Probe  
  75  5:26  Probe  
  76  5:33  Pylon, Probe  
  76  5:34  Robotics Facility  
  77  5:38  Probe  
  77  5:41  Pylon  
  78  5:42  Pylon  
  78  5:45  Probe  
  78  5:46  Probe  
  78  5:48  Sentry x2  
  84  5:50  Probe  
  84  5:54  Photon Cannon  
  85  5:57  Photon Cannon  
  85  6:05  Shield Battery  
  85  6:06  Shield Battery  
  85  6:09  Photon Cannon  
  85  6:10  Shield Battery  
  85  6:13  Sentry  
  85  6:14  Stalker x2  
  85  6:15  Sentry  
  93  6:20  Shield Battery  
  93  6:21  Shield Battery  
  91  6:26  Pylon  
  87  6:35  Shield Battery  
  87  6:36  Shield Battery  
  87  6:37  Pylon  
  87  6:38  Zealot x3  
  87  6:41  Probe  
  86  6:49  Probe  
  73  6:54  Stalker  
  73  6:59  Gateway  
  73  7:00  Stalker  
  76  7:04  Stalker  
Show
View Real Time Build Order
Export as new Build Order

RagnaroK Zerg - Winner!

Build Orders: Hatch First 

Get SALT Encoding   

  12  0:00  Drone  
  13  0:08  Drone  
  14  0:17  Overlord  
  14  0:22  Extractor  
  14  0:23  Drone  
  15  0:35  Drone x2  
  17  0:55  Drone  
  18  0:57  Hatchery  
  18  0:59  Drone  
  18  1:09  Extractor  
  17  1:14  Spawning Pool  
  17  1:17  Drone  
  17  1:20  Drone  
  18  1:26  Drone  
  19  1:37  Drone  
  20  1:47  Overlord  
  20  2:00  Queen  
  22  2:08  Queen  
  22  2:09  Zergling x6  
  27  2:20  Drone  
  27  2:21  Drone  
  29  2:27  Metabolic Boost  
  29  2:31  Drone  
  29  2:32  Drone  
  31  2:41  Hatchery, Drone  
  31  2:44  Drone  
  32  2:51  Queen  
  34  2:59  Overlord  
  34  3:00  Drone  
  34  3:03  Drone  
  35  3:14  Overlord  
  35  3:19  Zergling x10  
  40  3:29  Queen  
  40  3:31  Overlord  
  40  3:33  Drone  
  43  3:38  Spore Crawler  
  43  3:40  Drone x2  
  43  3:41  Drone x2  
  46  3:43  Drone  
  47  3:50  Drone  
  47  3:51  Drone  
  47  3:53  Drone  
  47  3:55  Queen  
  52  3:58  Spore Crawler  
  52  4:00  Drone  
  53  4:02  Drone  
  53  4:05  Drone  
  53  4:06  Drone  
  55  4:11  Drone x3  
  55  4:13  Drone  
  55  4:17  Drone x2  
  58  4:22  Drone x2  
  58  4:24  Drone  
  58  4:25  Drone  
  58  4:28  Drone  
  59  4:31  Queen  
  59  4:37  Roach Warren  
  60  4:39  Extractor  
  60  4:40  Zergling x6  
  60  4:42  Zergling x2, Extractor  
  62  4:46  Queen  
  62  4:50  Overlord  
  64  4:56  Drone x2  
  66  5:00  Overlord  
  66  5:07  Overlord x3  
  66  5:12  Lair  
  66  5:17  Roach x4  
  66  5:18  Roach  
  66  5:20  Roach x2  
  80  5:22  Roach  
  80  5:26  Roach  
  80  5:28  Overlord  
  84  5:30  Queen  
  84  5:35  Zergling x6  
  89  5:36  Zergling x2  
  89  5:39  Zergling x4  
  92  5:47  Ravager x3  
  92  5:49  Zergling x12  
  101  5:51  Ravager  
  101  5:55  Zergling x4  
  104  5:59  Zergling x4  
  104  6:02  Zergling x6  
  105  6:04  Ravager  
  102  6:12  Queen  
  102  6:14  Zergling x6  
  102  6:15  Ravager  
  102  6:18  Zergling x4  
  109  6:21  Zergling x2  
  106  6:29  Zergling x6  
  92  6:43  Zergling x2  
  92  6:44  Zergling x6  
  91  6:53  Zergling x6  
  91  6:54  Zergling x2  

Tags
 
Add a new tag
Caveats
  • Supply blocks, unpowered buildings, or Contaminate may cause inaccurate times.
  • Supply counts are checked every 10 seconds.